 Dungeon Crawl Stone Soup version 0.19-a0-1920-g83281cb (webtiles) character file.

12688 poirepourri the Basher (level 11, 0/72 HPs)
             Began as a Gargoyle Fighter on Oct 23, 2016.
             Was a Priest of Cheibriados.
             Slain by CcS's ghost (4 damage)
             ... on level 11 of the Dungeon.
             The game lasted 00:17:36 (12122 turns).

poirepourri the Basher (Gargoyle Fighter)          Turns: 12122, Time: 00:17:37

Health: 0/72       AC: 27    Str: 34    XL:     11   Next: 97%
Magic:  6/11       EV:  7    Int: 16    God:    Cheibriados [***...]
Gold:   473        SH: 14    Dex: 17    Spells: 0 memorised, 10 levels left

rFire  + . .     SeeInvis .     a - +0 flail (drain)
rCold  . . .     Gourm    .     G - +0 crystal plate armour
rNeg   + . .     Faith    .     x - +2 shield {rC+}
rPois  ∞         Spirit   .     J - +0 helmet
rElec  +         Reflect  .     (no cloak)
rCorr  .         Harm     .     t - +1 pair of gloves
MR     .....                    (no boots)
Stlth  ..........               F - amulet of the Harvest {+Rage Str+5}
                                h - ring of stealth
                                i - ring of fire

@: very slow
A: negative energy resistance 1, electricity resistance, unbreathing,
petrification resistance, rot immunity, AC +7
a: Bend Time, Temporal Distortion, Renounce Religion, Evoke Berserk Rage


You were on level 11 of the Dungeon.
You worshipped Cheibriados.
Cheibriados was most pleased with you.
You were not hungry.

You visited 2 branches of the dungeon, and saw 12 of its levels.

You collected 473 gold pieces.

Inventory:

Hand Weapons
 a - a +0 flail of draining (weapon)
Missiles
 c - 5 javelins of returning
 g - 24 bolts
 j - 4 poisoned tomahawks
 y - 14 tomahawks (quivered)
Armour
 b - a +0 scale mail
 t - a +1 pair of gloves (worn)
 x - a +2 shield of cold resistance (worn)
 G - a +0 crystal plate armour (worn)
 J - a +0 helmet (worn)
Jewellery
 f - an uncursed ring of flight
 h - a ring of stealth (right hand)
 i - a ring of fire (left hand)
 n - a +3 ring of intelligence
 w - an uncursed amulet of faith
 A - an uncursed ring of ice
 D - an uncursed ring of teleportation
 F - the amulet of the Harvest (around neck) {+Rage Str+5}
   (You took it off an orc wizard on level 8 of the Dungeon)

   [amulet of rage]

   It affects your strength (+5).
   It lets you go berserk.
Wands
 p - a wand of polymorph (16/24)
 q - a wand of polymorph (13/24)
 z - a wand of confusion (31/48)
 I - a wand of slowing (28/48)
 K - a wand of lightning (3/15)
 M - a wand of random effects (33/48)
 N - a wand of lightning (4/15)
Scrolls
 d - 7 scrolls of amnesia
 e - 9 scrolls of remove curse
 r - 6 scrolls of recharging
Potions
 k - 2 potions of lignification
 l - a potion of haste
 m - a potion of brilliance
 o - 2 potions of curing
 u - 3 potions of flight
 v - a potion of cure mutation {unknown}
Books
 s - a book of Necromancy

   Spells                             Type                      Level
   a - Pain                           Necromancy                   1
   b - Animate Skeleton               Necromancy                   1
   c - Vampiric Draining              Necromancy                   3
   d - Regeneration                   Charms/Necromancy            3
   e - Animate Dead                   Necromancy                   4
   f - Control Undead                 Necromancy                   4
 B - a book of Battle

   Spells                             Type                      Level
   a - Infusion                       Charms                       1
   b - Shroud of Golubria             Charms/Translocation         2
   c - Song of Slaying                Charms                       2
   d - Spectral Weapon                Hexes/Charms                 3
   e - Regeneration                   Charms/Necromancy            3
 E - a Young Poisoner's Handbook

   Spells                             Type                      Level
   a - Sting                          Conjuration/Poison           1
   b - Mephitic Cloud                 Conjuration/Poison/Air       3
   c - Olgreb's Toxic Radiance        Poison                       4
   d - Alistair's Intoxication        Transmutation/Poison         5
   e - Venom Bolt                     Conjuration/Poison           5
 H - a book of Flames

   Spells                             Type                      Level
   a - Flame Tongue                   Conjuration/Fire             1
   b - Throw Flame                    Conjuration/Fire             2
   c - Conjure Flame                  Conjuration/Fire             3
   d - Inner Flame                    Hexes/Fire                   3
   e - Sticky Flame                   Conjuration/Fire             4
   f - Fireball                       Conjuration/Fire             5
Comestibles
 C - a beef jerky
 O - a meat ration


   Skills:
 + Level 10.1 Fighting
 + Level 13.7 Maces & Flails
 + Level 4.8 Armour
 + Level 6.0 Dodging
 + Level 5.8 Shields
 + Level 0.3 Evocations


You had 10 spell levels left.
You didn't know any spells.

Dungeon Overview and Level Annotations

Branches:
Dungeon (11/15)            Temple (1/1) D:5            Lair (0/6) D:8
    Orc: D:9-12

Altars:
Ashenzari
Cheibriados
Dithmenos
Elyvilon
Fedhas
Gozag
Hepliaklqana
Kikubaaqudgha
Makhleb
Nemelex Xobeh
Okawaru
Qazlal
Ru
Sif Muna
Trog
Uskayaw
Vehumet
Xom
Yredelemnul
Zin
The Shining One

Shops:
D:6 }

Annotations:
D:11 CcS's ghost, journeyman FoFi


Innate Abilities, Weirdness & Mutations

You are resistant to torment.
Your stone body is resilient. (AC +7)
You are immune to poison.
You resist negative energy. (rN+)
You are resistant to electric shocks. (rElec)
You can survive without breathing.
You are immune to petrification.
You are immune to rotting.


Message History

CcS's ghost hits you but does no damage.
Okay, then.
Okay, then.
You can feel time thicken for a moment.
You feel somewhat more hungry.
You can no longer inflict damage on those overly hasty.
Cheibriados lowers the support of your attributes as your movement quickens.
You block CcS's ghost's attack.
Unknown command.
Okay, then.
Unknown command.
Okay, then.
Unknown command.
CcS's ghost hits you!
* * * LOW HITPOINT WARNING * * *
x2
Okay, then.
CcS's ghost shrieks, "You must not succeed where I failed!"
You block CcS's ghost's attack. CcS's ghost hits you!
* * * LOW HITPOINT WARNING * * *
You die...

#.......#
#.......#
#.......#
#.#####.#
#.# #.#
#.#####.#
#.......#
#..W....#
#...@...#
#.......#
#.......#
#...###.#
#.......#
#.......#
#.......#
#.......#
#..####.#


You could see CcS's ghost.

Vanquished Creatures
  Josephine (D:10)
  Harold (D:10)
  A hydra (D:11)
  Pikel (D:4)
  A kobold demonologist (D:10)
  Grinder (D:4)
  16 yaks
  5 wraiths
  Eustachio (D:5)
  2 hungry ghosts
  Menkaure (D:4)
  A water moccasin (D:10)
  A hell hound (D:8)
  3 orc warriors
  2 ice beasts (D:9)
  2 sky beasts
  A black bear (D:8)
  4 ogres
  A necrophage (D:9)
  2 eyes of draining (D:9)
  3 phantoms
  4 centaurs
  A big kobold (D:10)
  11 bullfrogs
  A wyvern skeleton (D:9)
  2 scorpions
  11 killer bees
  10 wights
  3 howler monkeys
  8 crimson imps
  2 centaur zombies
  A bullfrog zombie (D:9)
  2 quasits
  6 hounds
  2 jellies
  2 centaur skeletons
  3 orc priests
  3 bullfrog skeletons
  4 iguanas
  4 orc wizards
  8 worker ants
  A killer bee zombie (D:9)
  A hound skeleton (D:6)
  A hound zombie (D:9)
  A mummy (D:6)
  3 gnolls (D:3)
  12 adders
  5 shadow imps
  An ooze (D:2)
  3 adder skeletons
  3 worms
  A dart slug (D:1)
  10 leopard geckos
  33 orcs
  2 giant cockroaches
  12 goblins
  5 hobgoblins
  2 jackals (D:2)
  3 quokkas
  2 ball pythons (D:3)
  7 bats
  4 frilled lizards
  A goblin zombie (D:6)
  A hobgoblin zombie (D:6)
  A jackal zombie (D:7)
  12 kobolds
  A leopard gecko skeleton (D:3)
  7 rats
274 creatures vanquished.

Vanquished Creatures (others)
  A leopard gecko (D:4)
1 creature vanquished.

Grand Total: 275 creatures vanquished

Notes
Turn   | Place    | Note
-------+----------+-------------------------------------------
     0 | D:1      | poirepourri the Gargoyle Fighter began the quest for the Orb.
     0 | D:1      | Reached XP level 1. HP: 14/14 MP: 1/1
   215 | D:1      | Reached XP level 2. HP: 19/19 MP: 2/2
   671 | D:1      | Reached XP level 3. HP: 23/23 MP: 3/3
   758 | D:1      | Reached skill level 1 in Dodging
  1324 | D:2      | Reached skill level 3 in Maces & Flails
  1405 | D:2      | Found an iron altar of Okawaru.
  1743 | D:2      | Reached XP level 4. HP: 26/29 MP: 4/4
  2314 | D:3      | Reached XP level 5. HP: 33/33 MP: 5/5
  2808 | D:3      | Reached skill level 4 in Maces & Flails
  2952 | D:4      | Reached XP level 6. HP: 28/38 MP: 6/6
  2957 | D:4      | Reached skill level 5 in Maces & Flails
  3218 | D:4      | Reached XP level 7. HP: 20/44 MP: 7/7
  3416 | D:4      | Noticed Grinder
  3436 | D:4      | Paralysed by Grinder for 5 turns
  3481 | D:4      | Killed Grinder
  3481 | D:4      | Reached skill level 5 in Fighting
  3481 | D:4      | Reached skill level 6 in Maces & Flails
  3765 | D:4      | Found a hazy altar of Hepliaklqana.
  4063 | D:4      | Noticed Pikel
  4087 | D:4      | Killed Pikel
  4087 | D:4      | Reached skill level 7 in Maces & Flails
  4087 | D:4      | Reached XP level 8. HP: 30/51 MP: 8/8
  4387 | D:4      | Noticed Menkaure
  4391 | D:4      | Killed Menkaure
  4391 | D:4      | Reached skill level 8 in Maces & Flails
  4870 | D:5      | Entered Level 5 of the Dungeon
  4982 | D:5      | Noticed Eustachio
  5079 | D:5      | Killed Eustachio
  5432 | D:5      | Found a staircase to the Ecumenical Temple.
  5442 | D:5      | Reached XP level 9. HP: 48/56 MP: 9/9
  5445 | Temple   | Entered the Ecumenical Temple
  5753 | D:5      | Reached skill level 9 in Maces & Flails
  6431 | D:6      | Found Yhetam's Gadget Boutique.
  7054 | D:7      | Reached skill level 10 in Maces & Flails
  7346 | D:7      | Found a flagged portal.
  7969 | D:7      | Reached XP level 10. HP: 63/63 MP: 10/10
  8322 | D:8      | Reached skill level 11 in Maces & Flails
  8322 | D:8      | Reached skill level 5 in Dodging
  8721 | D:8      | Found a staircase to the Lair.
  9004 | D:8      | Got a steaming graven amulet
  9608 | D:8      | Found a snail-covered altar of Cheibriados.
  9608 | D:8      | Found a burning altar of Makhleb.
  9613 | D:8      | Found a glowing silver altar of Zin.
  9662 | D:8      | Became a worshipper of Cheibriados the Contemplative
  9669 | D:8      | Found an opulent altar of Gozag.
  9677 | D:8      | Found a blossoming altar of Fedhas.
  9724 | D:9      | Identified the amulet of the Harvest {+Rage Str+5} (You took it off an orc wizard on level 8 of the Dungeon)
 10247 | D:9      | Reached * piety under Cheibriados
 10250 | D:9      | Reached skill level 12 in Maces & Flails
 10610 | D:9      | Reached XP level 11. HP: 66/71 MP: 11/11
 10659 | D:10     | Entered Level 10 of the Dungeon
 10659 | D:10     | Noticed Josephine
 10698 | D:9      | Reached ** piety under Cheibriados
 11102 | D:10     | Reached skill level 13 in Maces & Flails
 11238 | D:10     | Reached *** piety under Cheibriados
 11260 | D:10     | Killed Josephine
 11791 | D:10     | Reached skill level 5 in Shields
 11841 | D:10     | Noticed Harold
 11861 | D:10     | Killed Harold
 11861 | D:10     | Reached skill level 10 in Fighting
 12090 | D:11     | Reached **** piety under Cheibriados
 12092 | D:11     | Noticed a four-headed hydra
 12096 | D:11     | Noticed CcS's ghost (journeyman FoFi)
 12107 | D:11     | Killed a four-headed hydra
 12122 | D:11     | Slain by CcS's ghost

Vault maps used:
D:1:      shiori_arrival_maze
D:2:      okawaru_altar_gauntlet_db
D:4:      kennysheep_mini, first_bread, uniq_grinder, uniq_pikel, uniq_menkaure
D:5:      uniq_eustachio
D:6:      serial_shops, nicolae_shop_competitors_out_of_business,
          nicolae_ossuary_entry_giza, nicolae_sextant
D:7:      enter_bailey_3
D:8:      chequers_temple_overflow_minitemple, minmay_lair_entry_lava
D:9:      serial_column_ruins, column_ruins_hut, column_ruins_hut_ruined,
          column_ruins_open_large, column_ruins_open_tiny, column_ruins_grid_3,
          column_ruins_open_tiny
D:10:     uniq_josephine, uniq_harold
Temple:   eino_narrow_crystal_temple

Skill      XL: |  1  2  3  4  5  6  7  8  9 10 11 |
---------------+----------------------------------+-----
Dodging        | 1 2 3 4 5 6 |  6.0
Maces & Flails | 3 4 5 7 8 10 12 13 | 13.7
Fighting       | 4 5 6 7 9 10 | 10.1
Armour         | 4 |  4.8
Shields        | 5 |  5.8
Evocations     | |  0.3

Action                   |  1- 3 |  4- 6 |  7- 9 | 10-12 || total
-------------------------+-------+-------+-------+-------++-------
Melee: Flail             |   159 |   179 |   450 |   694 ||  1482
Invok: Slouch            |       |       |       |     1 ||     1
Evoke: Wand              |       |       |     1 |     5 ||     6
  Use: Scroll            |     6 |     1 |    15 |     3 ||    25
       Potion            |       |     2 |     5 |     2 ||     9
 Stab: Invisible         |       |       |     1 |       ||     1
  Eat: Bread ration      |     1 |       |     4 |       ||     5
       Fruit             |       |     3 |       |       ||     3
       Chunk             |       |     1 |     1 |     6 ||     8
       Meat ration       |       |       |     1 |     1 ||     2
Armor: Scale mail        |    80 |   119 |   229 |   189 ||   617
       Crystal plate arm |       |       |       |   151 ||   151
Dodge: Dodged            |    52 |    61 |   167 |   191 ||   471
Block: Shield            |   121 |   147 |   219 |   418 ||   905
